 Dungeon Crawl Stone Soup version 0.28-a0-664-gc179e30c89 (webtiles) character file.

Game seed: 11667021767878680905

2451 cheechan the Ducker (level 9, -16/61 HPs)
             Began as an Octopode Fighter on Oct 15, 2021.
             Demolished by a two-headed ogre (27 damage)
             ... while paralysed by a hornet
             ... on level 8 of the Dungeon.
             The game lasted 00:25:28 (7987 turns).

cheechan the Ducker (Octopode Fighter)              Turns: 7987, Time: 00:25:29

Health: -16/61     AC:  1    Str: 16    XL:     9   Next: 50%
Magic:  15/15      EV:  2    Int: 16    God:
Gold:   497        SH:  0    Dex: 14    Spells: 16/16 levels left

rFire   . . .      SeeInvis .   f - +3 dagger (venom)
rCold   . . .      Faith    .   b - +3 buckler
rNeg    + . .      Spirit   .   (helmet restricted)
rPois   .          Reflect  .   D - amulet of regeneration
rElec   .          Harm     .   e - +4 ring of evasion
rCorr   .          Rampage  .   r - +6 ring of intelligence
Will    .....                   h - ring of positive energy
Stlth   ++++......              (no ring)
HPRegen 1.20/turn               (no ring)
MPRegen 0.14/turn               (no ring)
                                (no ring)
                                (no ring)

@: paralysed, slowed
A: almost no armour, amphibious, 8 rings, camouflage 1, gelatinous body 1,
(nimble swimmer 1), tentacles, wild magic 1, noise suppression
a: no special abilities


You were on level 8 of the Dungeon.
You visited 2 branches of the dungeon, and saw 9 of its levels.

You collected 497 gold pieces.

Inventory:

Hand Weapons
 a - a +0 flail
 f - a +3 dagger of venom (weapon)
 p - a +2 spectral quarterstaff
 v - a +0 morningstar
 z - a +1 vorpal spear
 A - a +0 shortbow
 B - a +1 dagger of holy wrath
 F - a +0 vampiric whip
 J - a +0 hand crossbow
 K - a +0 short sword of protection
Missiles
 i - 200 stones
 j - 8 boomerangs (quivered)
 k - 39 bolts
 m - 15 poisoned darts
 t - 30 sling bullets
 w - 104 arrows
 G - 3 datura-tipped darts
Armour
 b - a +3 buckler (worn)
Jewellery
 e - a +4 ring of evasion (left tentacle)
 h - a ring of positive energy (on tentacle)
 l - an amulet of magic regeneration
 r - a +6 ring of intelligence (right tentacle)
 D - an amulet of regeneration (around mantle)
Scrolls
 o - a scroll of enchant armour
 q - a scroll of torment
 u - 2 scrolls of teleportation
 y - a scroll of silence
 E - a scroll of identify
 H - 2 scrolls of magic mapping
Potions
 c - 2 potions of might
 g - 2 potions of lignification
 n - 2 potions of resistance
 s - a potion of curing
 x - a potion of berserk rage
 C - a potion of flight
 I - a potion of invisibility


   Skills:
 + Level 5.0 Fighting
 + Level 5.1 Short Blades
 + Level 2.3 Maces & Flails
 + Level 0.5 Throwing
 * Level 7.4 Dodging
 + Level 6.4 Stealth
 + Level 5.2 Shields
 * Level 4.1 Spellcasting


You had 16 spell levels left.
You didn't know any spells.
Your spell library contained the following spells:

 Spells                   Type           Power      Damage    Failure   Level
 Ensorcelled Hibernation  Hex/Ice        8%         N/A       34%         2
 Spider Form              Tmut/Pois      2%         N/A       54%         3


Dungeon Overview and Level Annotations

Branches:
Dungeon (8/15)             Temple (1/1) D:5
   Lair: D:8-11

Altars:
Dithmenos
Elyvilon
Hepliaklqana
Kikubaaqudgha
Nemelex Xobeh
Okawaru
Qazlal
Sif Muna
Trog
Uskayaw
Vehumet
Xom
Yredelemnul
The Shining One


Innate Abilities, Weirdness & Mutations

You cannot wear most types of armour.
You are amphibious.
You can wear up to eight rings at the same time.
Your skin changes colour to match your surroundings (Stealth+).
Your rubbery body absorbs attacks. (AC +1, EV +1)
((You are camouflaged near water. (Stealth+)))
You have tentacles for arms and can constrict up to eight enemies at once.
Your spells are a little harder to cast, but a little more powerful.
You passively dampen the noise of your surroundings.


Message History

The two-headed ogre looks as sick as possible!
The two-headed ogre is lightly wounded.
The two-headed ogre misses you. You block the two-headed ogre's attack.
You barely miss the two-headed ogre. You squeeze the two-headed ogre.
The two-headed ogre is lightly wounded.
The hornet buzzes angrily.
You hit the two-headed ogre but do no damage.
The two-headed ogre looks as sick as possible!
You squeeze the two-headed ogre.
The two-headed ogre is moderately wounded.
The two-headed ogre misses you. You block the two-headed ogre's attack.
You hit the two-headed ogre.
The two-headed ogre looks as sick as possible!
The two-headed ogre is moderately wounded.
You hit the two-headed ogre.
The two-headed ogre looks as sick as possible!
The two-headed ogre is moderately wounded.
The two-headed ogre closely misses you.
The two-headed ogre completely misses you.
You barely miss the two-headed ogre.
The two-headed ogre is heavily wounded.
The two-headed ogre completely misses you.
The two-headed ogre misses you.
You hit the two-headed ogre.
The two-headed ogre looks as sick as possible!
You squeeze the two-headed ogre.
The two-headed ogre is heavily wounded.
A sky beast comes into view.
You hit the two-headed ogre but do no damage.
The two-headed ogre looks as sick as possible!
You squeeze the two-headed ogre!
The two-headed ogre is severely wounded.
The two-headed ogre completely misses you.
The two-headed ogre hits you with a +0 giant spiked club!
The hornet stings you!
You suddenly lose the ability to move!
The hornet stings you!
You feel yourself slow down.
The two-headed ogre hits you with a +0 giant spiked club!
* * * LOW HITPOINT WARNING * * *
The two-headed ogre hits you with a +0 giant spiked club!!
You die...

.
######.Y..
#<@O.....:
#..y......
#...###..#.
###..


PPP #.#. $ ..... ..# .# ..# .. You could see a two-headed ogre (extremely
poisoned), a hornet and a sky beast.

Vanquished Creatures
  A steam dragon (D:6)
  A water moccasin (D:7)
  An ice beast (D:7)
  An orc warrior (D:7)
  A necrophage (D:4)
  Purgy (D:4)
  3 ogres
  A sky beast (D:6)
  A black bear (D:7)
  4 centaurs
  A kobold brigand (D:7)
  2 wyvern zombies (D:6)
  A howler monkey (D:5)
  A centaur zombie (D:5)
  2 hounds
  2 jellies
  5 orc priests
  A bullfrog skeleton (D:7)
  3 centaur skeletons
  A scorpion zombie (D:5)
  3 iguanas
  4 orc wizards (D:7)
  A hound skeleton (D:5)
  5 gnolls
  9 adders
  A shadow imp (D:7)
  A white imp (D:5)
  2 worms
  2 dart slugs
  14 orcs
  10 bats
  7 endoplasms
  2 giant cockroaches
  7 goblins
  6 hobgoblins
  11 jackals
  13 kobolds
  5 quokkas
  2 ball pythons (D:1)
  4 frilled lizards
  A quokka skeleton (D:4)
  4 rats
148 creatures vanquished.

Vanquished Creatures (others)
  2 plants (D:3)
2 creatures vanquished.

Grand Total: 150 creatures vanquished

Notes
Turn   | Place    | Note
-------+----------+-------------------------------------------
     0 | D:1      | cheechan the Octopode Fighter began the quest for the Orb.
     0 | D:1      | Reached XP level 1. HP: 16/16 MP: 1/1
   121 | D:1      | Reached XP level 2. HP: 20/21 MP: 2/2
   419 | D:1      | Identified a scroll of acquirement
   419 | D:1      | Acquired a +4 ring of evasion
   475 | D:1      | Found a faded altar of an unknown god.
   531 | D:1      | Reached XP level 3. HP: 22/26 MP: 3/3
   942 | D:2      | Reached skill level 1 in Stealth
   942 | D:2      | Reached XP level 4. HP: 29/33 MP: 4/4
  1937 | D:2      | Reached XP level 5. HP: 37/37 MP: 5/5
  3309 | D:4      | Reached skill level 1 in Short Blades
  3521 | D:4      | Noticed an ogre
  3559 | D:4      | Killed an ogre
  3560 | D:4      | Reached skill level 4 in Dodging
  3560 | D:4      | Reached skill level 1 in Spellcasting
  3560 | D:4      | Reached XP level 6. HP: 10/43 MP: 5/7
  4403 | D:4      | Noticed Purgy
  4414 | D:4      | Killed Purgy
  4415 | D:4      | Reached XP level 7. HP: 33/47 MP: 7/9
  4722 | D:4      | Reached skill level 5 in Stealth
  5021 | D:4      | Reached skill level 5 in Dodging
  5240 | D:5      | Entered Level 5 of the Dungeon
  5504 | D:5      | Found a staircase to the Ecumenical Temple.
  5511 | D:5      | Reached XP level 8. HP: 52/54 MP: 11/11
  5548 | Temple   | Entered the Ecumenical Temple
  5868 | D:5      | Found a shimmering blue altar of Sif Muna.
  5875 | D:5      | Found a radiant altar of Vehumet.
  5960 | D:5      | Found an iron altar of Okawaru.
  6154 | D:6      | Gained mutation: You passively dampen the noise of your
                  | surroundings. [potion of mutation]
  6154 | D:6      | Gained mutation: Your spells are a little harder to cast,
                  | but a little more powerful. [potion of mutation]
  6186 | D:6      | Reached skill level 6 in Dodging
  6749 | D:6      | Reached XP level 9. HP: 59/59 MP: 14/14
  6803 | D:6      | Found a shadowy altar of Dithmenos.
  6989 | D:7      | Reached skill level 5 in Shields
  7522 | D:7      | Reached skill level 7 in Dodging
  7870 | D:7      | Reached skill level 5 in Fighting
  7870 | D:7      | Reached skill level 5 in Short Blades
  7976 | D:8      | Noticed a two-headed ogre
  7977 | D:8      | Noticed a hornet
  7986 | D:8      | Paralysed by a hornet for 2 turns
  7987 | D:8      | Demolished by a two-headed ogre

Illustrated notes

Levels and vault maps discovered:
D:1:      minmay_arrival_four_houses, layout_rooms,
          hellmonk_ecumenical_altar_zigzags
D:2:      layout_loops_cross, chequers_decorated_corner, minmay_misc_feat_alley
D:3:      layout_loops_ring, corner_web_ring, serial_park_tiny_pond,
          serial_bayou_ford_a, kennysheep_minor_cross, minmay_misc_feat_ornament
D:4:      minmay_general_purpose_star, layout_basic, uniq_purgy
D:5:      layout_basic, kennysheep_little_box,
          chequers_temple_overflow_statue_of_worship, minmay_temple_entry_glass,
          hex_medium, kennysheep_generic_room_9
D:6:      layout_loops_ring, pf_just_have_faith
D:7:      layout_rooms
D:8:      layout_rooms, marbit_many_paths, minmay_gold_behind_fungi,
          dk_noncrumbling_4
Temple:   eino_temple_lava

Skill      XL: |  1  2  3  4  5  6  7  8  9 |
---------------+----------------------------+-----
Stealth        | 1 2 4 5 6 |  6.4
Short Blades   | 1 2 3 4 5 |  5.1
Dodging        | 4 5 6 7 |  7.4
Spellcasting   | 1 2 3 4 |  4.1
Shields        | 4 5 |  5.2
Fighting       | 4 5 |  5.0
Maces & Flails | |  2.3
Throwing       | |  0.5

Action                   |  1- 3 |  4- 6 |  7- 9 || total
-------------------------+-------+-------+-------++-------
Melee: Flail             |    22 |       |       ||    22
       Constrict         |    19 |    24 |    34 ||    77
       Tentacles         |     8 |    24 |    65 ||    97
       Dagger            |    46 |   117 |   223 ||   386
Throw: Boomerang         |     2 |       |       ||     2
  Use: Scroll            |     7 |    11 |     4 ||    22
       Potion            |       |       |     2 ||     2
 Stab: Sleeping          |     3 |     9 |     7 ||    19
       Distracted        |       |       |     1 ||     1
Armor: Skin              |     3 |     6 |     4 ||    13
Dodge: Dodged            |    37 |    90 |   156 ||   283
Block: Buckler           |    29 |    39 |    73 ||   141

Table legend: (Time is in decaauts)
 A = Elapsed time spent in this place.
 B = Non-inter-level travel time spent in this place.
 C = Inter-level travel time spent in this place.
 D = Time resting spent in this place.
 E = Time spent auto-exploring this place.
 F = Levels seen in this place.
 G = Mean time per level.
                   A        B        C        D        E       F      G
               +--------+--------+--------+--------+--------+-----+--------+
         Total |   7943 |   7943 |      0 |   2617 |      0 |   9 |  882.6 |
       Dungeon |   7895 |   7895 |      0 |   2617 |      0 |   8 |  986.9 |
        Temple |     47 |     47 |      0 |      0 |      0 |   1 |   47.0 |
               +--------+--------+--------+--------+--------+-----+--------+

Top non-repeatable levels by time:
     D:4: 1629 daAuts
     D:2: 1390 daAuts
     D:3: 1366 daAuts
     D:7: 974 daAuts
     D:6: 871 daAuts
     D:1: 851 daAuts
     D:5: 804 daAuts
  Temple: 47 daAuts
     D:8: 8 daAuts
